[ AOE2 MATCH · #461308639 ]
Team RMEthiopians vs Gurjaras
[ REPLAY ANALYSIS · EXTRACTED FROM THE RECORDED GAME ]
Feudal
11:15
Castle
22:26
Imperial
—
| APM avg | 48.9 |
| APM peak | 98 |
| eAPM avg | 21.2 |
| Villagers / military | 70 / 55 |
Focus
⚔️ 17.0% · 🌾 83.0%
Archer ×32 · Camel Scout ×15 · Spearman ×7 · Mangonel ×1
Feudal
9:50
Castle
28:29
Imperial
—
| APM avg | 30.1 |
| APM peak | 99 |
| eAPM avg | 17.7 |
| Villagers / military | 58 / 14 |
Focus
⚔️ 19.3% · 🌾 80.7%
Camel Scout ×5 · Archer ×5 · Skirmisher ×4
Feudal
10:30
Castle
26:18
Imperial
—
| APM avg | 23.2 |
| APM peak | 56 |
| eAPM avg | 13.9 |
| Villagers / military | 65 / 66 |
Focus
⚔️ 32.1% · 🌾 67.9%
Spearman ×42 · Scout Cavalry ×15 · Knight ×9
Feudal
10:54
Castle
21:36
Imperial
—
| APM avg | 18.9 |
| APM peak | 46 |
| eAPM avg | 11.9 |
| Villagers / military | 62 / 35 |
Focus
⚔️ 29.7% · 🌾 70.3%
Spearman ×14 · Scout Cavalry ×10 · Cavalry Archer ×5 · Knight ×4 · Magyar Huszar ×2
Match map
Initial resources + every placement click. Lines = walls · curves = elevation contours. ◆ gold · ⬟ stone · ● berries · ✦ relic · ◌ wall gap
Your base· Open — 8t gap
FROTA's base· ✓ Closed at 28:29 · 70t walls · 2 gate(s)
MKDA10's base· ✓ Closed at 26:18 · 27t walls · 1 gate(s)
Panzerfaust's base· ✓ Closed at 21:36 · 25t walls · 3 gate(s)
Smoothed initial terrain · ◌ = detected wall gap · hover for details
Inputs per minute
— ElperfectO - - FROTA
Build order — ElperfectO
First 150 of 210 actions detected
| 0:02 | Create | Villager (Male) |
| 0:03 | Create | Villager (Male) |
| 0:04 | Build | House |
| 0:05 | Build | House |
| 0:35 | Create | Villager (Male) |
| 0:40 | Create | Villager (Male) |
| 1:40 | Create | Villager (Male) |
| 2:00 | Build | Lumber Camp |
| 2:02 | Create | Villager (Male) |
| 2:26 | Create | Villager (Male) |
| 2:50 | Create | Villager (Male) |
| 3:13 | Create | Villager (Male) |
| 3:28 | Build | House |
| 3:30 | Build | House |
| 3:42 | Create | Villager (Male) |
| 4:13 | Create | Villager (Male) |
| 4:37 | Create | Villager (Male) |
| 4:43 | Build | Mill |
| 5:09 | Create | Villager (Male) |
| 5:10 | Create | Villager (Male) |
| 5:10 | Create | Villager (Male) |
| 6:25 | Build | Lumber Camp |
| 6:39 | Build | Farm |
| 6:41 | Create | Villager (Male) |
| 6:42 | Create | Villager (Male) |
| 6:58 | Build | Mining Camp |
| 7:09 | Build | Barracks |
| 7:49 | Create | Villager (Male) |
| 7:50 | Create | Villager (Male) |
| 7:50 | Create | Villager (Male) |
| 8:09 | Build | Mill |
| 9:05 | Research | Feudal Age |
| 9:06 | Research | Loom |
| 9:12 | Build | Mining Camp |
| 10:09 | Build | Lumber Camp |
| 10:19 | Build | House |
| 10:21 | Build | Palisade Wall |
| 10:22 | Build | Palisade Wall |
| 10:24 | Build | Palisade Wall |
| 10:30 | Build | House |
| 11:02 | Build | Palisade Wall |
| 11:15 | Age | Feudal Age |
| 11:26 | Create | Villager (Male) |
| 11:26 | Create | Villager (Male) |
| 11:31 | Build | House |
| 11:33 | Build | House |
| 11:49 | Research | Double-Bit Axe |
| 12:45 | Build | House |
| 12:48 | Build | Palisade Wall |
| 12:59 | Build | Archery Range |
| 13:01 | Build | Archery Range |
| 13:16 | Create | Villager (Male) |
| 13:16 | Create | Villager (Male) |
| 13:16 | Create | Villager (Male) |
| 13:26 | Build | House |
| 13:40 | Build | Blacksmith |
| 13:55 | Create | Villager (Male) |
| 13:58 | Create | Archer |
| 13:58 | Create | Archer |
| 13:58 | Create | Archer |
| 13:59 | Create | Archer |
| 13:59 | Create | Archer |
| 14:22 | Build | Farm |
| 14:27 | Build | Farm |
| 14:29 | Build | Farm |
| 14:33 | Build | Farm |
| 14:48 | Create | Archer |
| 14:49 | Create | Archer |
| 14:49 | Create | Archer |
| 14:49 | Create | Archer |
| 14:56 | Create | Villager (Male) |
| 15:01 | Build | Farm |
| 15:05 | Build | Farm |
| 15:22 | Build | Farm |
| 15:37 | Research | Fletching |
| 15:42 | Build | House |
| 15:44 | Build | House |
| 16:46 | Build | Palisade Gate |
| 16:51 | Build | House |
| 16:52 | Build | House |
| 16:54 | Build | House |
| 16:55 | Build | House |
| 17:15 | Build | Farm |
| 17:36 | Build | Farm |
| 17:49 | Build | Farm |
| 17:55 | Build | Farm |
| 17:55 | Build | Farm |
| 17:55 | Build | Farm |
| 17:58 | Build | Farm |
| 18:04 | Build | Farm |
| 18:06 | Create | Villager (Male) |
| 18:06 | Create | Villager (Male) |
| 18:07 | Create | Villager (Male) |
| 18:07 | Create | Villager (Male) |
| 18:24 | Create | Archer |
| 18:24 | Create | Archer |
| 18:24 | Create | Archer |
| 18:28 | Create | Archer |
| 18:29 | Create | Archer |
| 19:02 | Create | Spearman |
| 19:02 | Create | Spearman |
| 19:02 | Create | Spearman |
| 19:02 | Create | Spearman |
| 19:24 | Research | Castle Age |
| 19:25 | Create | Villager (Male) |
| 19:25 | Create | Villager (Male) |
| 19:43 | Build | Mining Camp |
| 20:46 | Create | Villager (Male) |
| 20:46 | Create | Villager (Male) |
| 20:57 | Build | Stable |
| 20:59 | Build | House |
| 21:00 | Build | House |
| 21:07 | Research | Scale Barding Armor |
| 22:26 | Age | Castle Age |
| 22:38 | Research | Crossbowman (upgrade) |
| 22:39 | Create | Spearman |
| 22:39 | Create | Spearman |
| 22:47 | Create | Camel Scout |
| 22:48 | Create | Camel Scout |
| 22:48 | Create | Camel Scout |
| 22:48 | Create | Camel Scout |
| 22:48 | Create | Camel Scout |
| 22:49 | Create | Camel Scout |
| 22:51 | Create | Spearman |
| 23:04 | Create | Archer |
| 23:04 | Create | Archer |
| 23:04 | Create | Archer |
| 23:09 | Create | Villager (Male) |
| 23:09 | Create | Villager (Male) |
| 23:13 | Build | Farm |
| 23:40 | Create | Camel Scout |
| 23:41 | Create | Camel Scout |
| 23:59 | Build | Town Center |
| 24:01 | Create | Villager (Male) |
| 24:01 | Create | Villager (Male) |
| 24:01 | Create | Villager (Male) |
| 24:05 | Create | Camel Scout |
| 24:05 | Create | Camel Scout |
| 24:13 | Build | Stable |
| 24:29 | Create | Villager (Male) |
| 24:29 | Create | Villager (Male) |
| 25:20 | Build | Stable |
| 25:38 | Build | Stable |
| 25:39 | Create | Villager (Male) |
| 25:40 | Create | Villager (Male) |
| 26:27 | Create | Villager (Male) |
| 26:27 | Create | Villager (Male) |
| 26:27 | Create | Villager (Male) |
| 26:39 | Build | Town Center |
| 26:40 | Create | Villager (Male) |
Build order — FROTA
135 actions detected in the replay
| 0:03 | Build | House |
| 0:05 | Build | House |
| 0:06 | Create | Villager (Male) ×4 |
| 0:07 | Create | Villager (Male) ×4 |
| 1:28 | Build | Lumber Camp |
| 1:32 | Create | Villager (Male) |
| 1:32 | Create | Villager (Male) |
| 2:15 | Build | House |
| 2:18 | Create | Villager (Male) |
| 2:18 | Create | Villager (Male) |
| 2:36 | Create | Villager (Male) |
| 3:03 | Create | Villager (Male) |
| 3:35 | Create | Villager (Male) |
| 4:04 | Create | Villager (Male) |
| 4:34 | Create | Villager (Male) |
| 4:52 | Build | House |
| 4:54 | Create | Villager (Male) |
| 4:55 | Create | Villager (Male) |
| 5:05 | Build | Mill |
| 5:13 | Create | Villager (Male) |
| 5:25 | Create | Villager (Male) |
| 5:29 | Create | Villager (Male) ×2 |
| 6:44 | Create | Villager (Male) |
| 7:17 | Build | Mining Camp |
| 7:40 | Research | Feudal Age |
| 7:40 | Research | Feudal Age |
| 7:41 | Research | Feudal Age |
| 9:10 | Create | Villager (Male) |
| 9:11 | Create | Villager (Male) |
| 9:11 | Create | Villager (Male) |
| 9:13 | Create | Villager (Male) |
| 9:21 | Create | Villager (Male) |
| 9:28 | Create | Villager (Male) ×4 |
| 9:42 | Build | House |
| 9:45 | Build | House |
| 9:50 | Age | Feudal Age |
| 10:34 | Research | Double-Bit Axe |
| 10:40 | Research | Horse Collar |
| 11:43 | Build | Palisade Wall |
| 11:48 | Build | Palisade Wall |
| 11:52 | Build | Palisade Wall |
| 12:01 | Build | Palisade Wall |
| 12:05 | Build | Palisade Wall |
| 12:10 | Build | Palisade Wall |
| 12:16 | Build | Palisade Wall |
| 12:18 | Build | Palisade Wall |
| 13:02 | Build | Barracks |
| 13:16 | Research | Loom |
| 14:38 | Build | Stable |
| 15:19 | Create | Camel Scout ×5 |
| 15:36 | Create | Villager (Male) ×5 |
| 17:51 | Create | Villager (Male) ×2 |
| 17:51 | Create | Villager (Male) ×2 |
| 17:55 | Build | Farm |
| 17:55 | Build | Farm |
| 17:55 | Build | Farm |
| 17:55 | Build | Farm |
| 17:56 | Build | Farm |
| 17:56 | Build | Farm |
| 17:56 | Build | Farm |
| 17:56 | Build | Farm |
| 17:56 | Build | Farm |
| 17:57 | Build | Farm |
| 17:57 | Build | Farm |
| 18:03 | Build | Palisade Gate |
| 18:46 | Build | Farm |
| 19:15 | Create | Villager (Male) |
| 19:16 | Create | Villager (Male) |
| 19:16 | Create | Villager (Male) |
| 19:53 | Create | Villager (Male) ×2 |
| 19:58 | Build | Farm |
| 19:58 | Build | Farm |
| 19:58 | Build | Farm |
| 19:59 | Build | Farm |
| 19:59 | Build | Farm |
| 19:59 | Build | Farm |
| 19:59 | Build | Farm |
| 20:00 | Build | Farm |
| 20:00 | Build | Farm |
| 20:00 | Build | Farm |
| 20:35 | Build | Farm |
| 20:35 | Build | Farm |
| 20:35 | Build | Farm |
| 20:35 | Build | Farm |
| 20:36 | Build | Farm |
| 20:36 | Build | Farm |
| 20:36 | Build | Farm |
| 20:36 | Build | Farm |
| 20:37 | Build | Farm |
| 20:47 | Build | House |
| 20:50 | Build | House |
| 21:09 | Create | Villager (Male) |
| 21:09 | Create | Villager (Male) |
| 21:09 | Create | Villager (Male) |
| 21:11 | Research | Loom |
| 21:32 | Build | Farm |
| 21:33 | Build | Farm |
| 21:33 | Build | Farm |
| 21:33 | Build | Farm |
| 21:33 | Build | Farm |
| 21:34 | Build | Farm |
| 21:34 | Build | Farm |
| 21:34 | Build | Farm |
| 21:44 | Build | Farm |
| 21:45 | Build | Farm |
| 23:31 | Build | Mining Camp |
| 23:38 | Build | House |
| 23:41 | Build | House |
| 23:43 | Build | House |
| 23:47 | Build | Palisade Gate |
| 24:07 | Build | Market |
| 24:10 | Create | Villager (Male) |
| 24:11 | Create | Villager (Male) |
| 24:50 | Build | Farm |
| 24:51 | Build | Farm |
| 24:56 | Create | Villager (Male) |
| 25:07 | Build | Blacksmith |
| 25:49 | Research | Castle Age |
| 25:49 | Research | Castle Age |
| 25:56 | Create | Villager (Male) ×5 |
| 26:45 | Build | Archery Range |
| 26:49 | Build | Archery Range |
| 27:09 | Build | House |
| 27:10 | Build | House |
| 27:13 | Build | House |
| 27:25 | Build | Palisade Wall |
| 28:22 | Create | Skirmisher |
| 28:29 | Age | Castle Age |
| 28:36 | Create | Skirmisher |
| 28:36 | Create | Skirmisher |
| 28:37 | Create | Skirmisher |
| 28:54 | Research | Wheelbarrow |
| 29:29 | Create | Archer ×3 |
| 31:24 | Create | Archer ×2 |
| 31:32 | Research | Padded Archer Armor |
Build order — MKDA10
First 150 of 209 actions detected
| 0:05 | Build | House |
| 0:07 | Build | House |
| 0:12 | Create | Villager (Male) |
| 0:12 | Create | Villager (Male) |
| 0:12 | Create | Villager (Male) |
| 0:12 | Create | Villager (Male) |
| 0:13 | Create | Villager (Male) |
| 1:41 | Create | Villager (Male) |
| 1:41 | Create | Villager (Male) |
| 2:06 | Build | Lumber Camp |
| 2:13 | Create | Villager (Male) |
| 2:13 | Create | Villager (Male) |
| 2:34 | Build | House |
| 2:37 | Create | Villager (Male) |
| 2:38 | Create | Villager (Male) |
| 3:58 | Create | Villager (Male) |
| 3:59 | Create | Villager (Male) |
| 3:59 | Create | Villager (Male) |
| 3:59 | Create | Villager (Male) |
| 4:12 | Build | House |
| 4:59 | Create | Villager (Male) |
| 4:59 | Create | Villager (Male) |
| 5:00 | Create | Villager (Male) |
| 5:00 | Create | Villager (Male) |
| 5:18 | Build | Mill |
| 5:21 | Create | Villager (Male) |
| 5:47 | Create | Villager (Male) |
| 5:48 | Create | Villager (Male) |
| 5:48 | Create | Villager (Male) |
| 6:39 | Create | Villager (Male) |
| 6:39 | Create | Villager (Male) |
| 7:48 | Research | Loom |
| 8:20 | Research | Feudal Age |
| 8:36 | Build | Barracks |
| 8:43 | Build | Palisade Gate |
| 8:49 | Create | Villager (Male) |
| 8:51 | Create | Villager (Male) |
| 8:52 | Create | Villager (Male) |
| 9:19 | Build | Palisade Wall |
| 9:30 | Build | Farm |
| 9:56 | Create | Villager (Male) |
| 9:56 | Create | Villager (Male) |
| 10:16 | Build | House |
| 10:30 | Age | Feudal Age |
| 10:43 | Build | Stable |
| 10:49 | Build | Palisade Wall |
| 10:56 | Build | Farm |
| 10:57 | Build | Farm |
| 11:39 | Create | Scout Cavalry |
| 11:39 | Create | Scout Cavalry |
| 11:39 | Create | Scout Cavalry |
| 11:50 | Create | Scout Cavalry |
| 12:07 | Research | Double-Bit Axe |
| 12:22 | Build | Farm |
| 12:23 | Build | Farm |
| 12:25 | Build | Farm |
| 12:28 | Build | Farm |
| 12:57 | Create | Scout Cavalry |
| 12:57 | Create | Scout Cavalry |
| 12:57 | Create | Scout Cavalry |
| 13:17 | Create | Scout Cavalry |
| 13:43 | Create | Scout Cavalry |
| 13:43 | Create | Scout Cavalry |
| 14:00 | Create | Scout Cavalry |
| 14:00 | Create | Scout Cavalry |
| 14:29 | Create | Scout Cavalry |
| 14:35 | Build | Farm |
| 14:41 | Build | Farm |
| 14:59 | Build | Blacksmith |
| 15:16 | Create | Scout Cavalry |
| 16:04 | Create | Scout Cavalry |
| 16:06 | Create | Villager (Male) |
| 16:06 | Create | Villager (Male) |
| 16:06 | Create | Villager (Male) |
| 16:06 | Create | Villager (Male) |
| 16:07 | Create | Villager (Male) |
| 16:33 | Create | Villager (Male) |
| 16:34 | Create | Villager (Male) |
| 16:42 | Build | Mining Camp |
| 16:58 | Build | House |
| 17:06 | Build | Palisade Wall |
| 17:11 | Create | Villager (Male) |
| 17:16 | Build | Lumber Camp |
| 17:23 | Build | Farm |
| 17:43 | Create | Spearman |
| 17:43 | Create | Spearman |
| 17:43 | Create | Spearman |
| 18:16 | Build | Lumber Camp |
| 19:00 | Create | Villager (Male) |
| 19:00 | Create | Villager (Male) |
| 19:01 | Create | Villager (Male) |
| 19:02 | Create | Villager (Male) |
| 19:05 | Research | Wheelbarrow |
| 19:07 | Create | Villager (Male) |
| 19:10 | Create | Villager (Male) |
| 19:11 | Create | Villager (Male) |
| 19:15 | Build | Farm |
| 19:16 | Build | Farm |
| 19:21 | Build | Farm |
| 19:23 | Build | Farm |
| 19:29 | Build | Farm |
| 19:45 | Build | House |
| 19:49 | Build | House |
| 19:50 | Build | House |
| 19:55 | Build | House |
| 20:00 | Create | Villager (Male) |
| 20:00 | Create | Villager (Male) |
| 20:17 | Build | House |
| 20:18 | Build | House |
| 20:19 | Build | House |
| 20:22 | Build | House |
| 20:39 | Create | Villager (Male) |
| 21:04 | Build | Farm |
| 21:06 | Build | Farm |
| 21:09 | Build | Farm |
| 21:13 | Build | Farm |
| 21:22 | Build | Farm |
| 21:24 | Build | Farm |
| 22:10 | Create | Spearman |
| 22:10 | Create | Spearman |
| 22:10 | Create | Spearman |
| 22:18 | Build | House |
| 22:19 | Build | Palisade Wall |
| 22:28 | Build | Archery Range |
| 22:41 | Create | Spearman |
| 22:41 | Create | Spearman |
| 22:41 | Create | Spearman |
| 23:01 | Create | Spearman |
| 23:02 | Create | Spearman |
| 23:23 | Build | Palisade Wall |
| 23:38 | Research | Castle Age |
| 23:39 | Create | Villager (Male) |
| 23:39 | Create | Villager (Male) |
| 23:39 | Create | Villager (Male) |
| 23:40 | Create | Villager (Male) |
| 23:48 | Research | Gold Mining |
| 24:21 | Build | Barracks |
| 24:23 | Build | Barracks |
| 24:33 | Research | Forging |
| 24:34 | Research | Scale Mail Armor |
| 24:44 | Create | Villager (Male) |
| 25:33 | Build | Farm |
| 25:45 | Create | Spearman |
| 25:46 | Create | Spearman |
| 26:18 | Age | Castle Age |
| 26:21 | Build | Town Center |
| 26:31 | Research | Bow Saw |
| 26:34 | Research | Iron Casting |
| 26:35 | Research | Chain Mail Armor |
| 26:40 | Research | Arson |
Build order — Panzerfaust
First 150 of 190 actions detected
| 0:02 | Create | Villager (Male) |
| 0:02 | Create | Villager (Male) |
| 0:03 | Build | House |
| 0:06 | Build | House |
| 0:27 | Create | Villager (Male) |
| 0:28 | Create | Villager (Male) |
| 1:55 | Create | Villager (Male) |
| 2:22 | Create | Villager (Male) |
| 2:36 | Create | Villager (Male) |
| 3:28 | Create | Villager (Male) |
| 3:28 | Create | Villager (Male) |
| 3:48 | Create | Villager (Male) |
| 4:08 | Build | House |
| 4:12 | Build | Mill |
| 4:15 | Create | Villager (Male) |
| 4:51 | Create | Villager (Male) |
| 5:34 | Create | Villager (Male) |
| 5:54 | Create | Villager (Male) |
| 6:12 | Build | Lumber Camp |
| 6:37 | Create | Villager (Male) |
| 6:50 | Build | House |
| 6:56 | Create | Villager (Male) |
| 7:20 | Build | Mill |
| 7:25 | Create | Villager (Male) |
| 7:56 | Create | Villager (Male) |
| 8:44 | Research | Feudal Age |
| 8:52 | Build | House |
| 9:02 | Build | House |
| 9:07 | Build | Palisade Wall |
| 9:19 | Build | Palisade Wall |
| 9:23 | Build | Palisade Gate |
| 9:30 | Create | Villager (Male) |
| 9:31 | Create | Villager (Male) |
| 10:13 | Build | House |
| 10:19 | Build | Palisade Wall |
| 10:22 | Build | Palisade Gate |
| 10:31 | Build | House |
| 10:35 | Build | Palisade Wall |
| 10:54 | Age | Feudal Age |
| 10:55 | Research | Double-Bit Axe |
| 10:55 | Research | Horse Collar |
| 10:58 | Create | Villager (Male) |
| 11:36 | Build | Farm |
| 11:36 | Build | Farm |
| 11:50 | Build | House |
| 11:54 | Build | Farm |
| 12:10 | Build | House |
| 12:14 | Create | Villager (Male) |
| 12:14 | Create | Villager (Male) |
| 12:18 | Research | Loom |
| 12:19 | Create | Villager (Male) |
| 12:27 | Build | Watch Tower |
| 12:28 | Build | Mining Camp |
| 12:48 | Build | Farm |
| 13:28 | Build | Lumber Camp |
| 13:46 | Build | House |
| 13:56 | Create | Villager (Male) |
| 13:56 | Create | Villager (Male) |
| 14:11 | Create | Villager (Male) |
| 14:21 | Build | Blacksmith |
| 14:36 | Build | House |
| 14:40 | Build | House |
| 14:42 | Build | House |
| 14:46 | Create | Villager (Male) |
| 14:54 | Build | Barracks |
| 15:02 | Build | Palisade Wall |
| 15:04 | Build | Palisade Gate |
| 15:11 | Create | Villager (Male) |
| 15:22 | Create | Villager (Male) |
| 15:22 | Create | Villager (Male) |
| 15:38 | Create | Villager (Male) |
| 15:44 | Build | House |
| 15:52 | Create | Villager (Male) |
| 16:20 | Build | Farm |
| 16:20 | Build | Farm |
| 16:20 | Build | Farm |
| 16:20 | Build | Farm |
| 16:21 | Build | Farm |
| 16:38 | Build | Mining Camp |
| 16:53 | Build | Farm |
| 17:05 | Build | Stable |
| 17:06 | Build | Stable |
| 17:10 | Create | Villager (Male) |
| 17:34 | Create | Villager (Male) |
| 17:46 | Build | Market |
| 17:53 | Create | Spearman |
| 18:15 | Create | Villager (Male) |
| 18:20 | Build | Farm |
| 18:52 | Research | Castle Age |
| 19:40 | Create | Scout Cavalry |
| 19:44 | Create | Scout Cavalry |
| 20:33 | Research | Scale Barding Armor |
| 20:41 | Create | Scout Cavalry |
| 20:43 | Create | Scout Cavalry |
| 21:09 | Build | House |
| 21:17 | Create | Scout Cavalry |
| 21:17 | Create | Scout Cavalry |
| 21:31 | Create | Scout Cavalry |
| 21:34 | Create | Villager (Male) |
| 21:36 | Age | Castle Age |
| 21:49 | Create | Knight ×2 |
| 22:13 | Create | Knight |
| 22:15 | Create | Villager (Male) |
| 22:16 | Create | Villager (Male) |
| 22:22 | Build | Town Center |
| 22:40 | Create | Scout Cavalry |
| 22:54 | Build | Farm |
| 22:55 | Create | Villager (Male) |
| 23:27 | Build | Farm |
| 23:27 | Build | Farm |
| 23:28 | Create | Villager (Male) |
| 23:29 | Create | Villager (Male) |
| 23:40 | Create | Knight |
| 23:50 | Create | Villager (Male) |
| 23:59 | Create | Villager (Male) |
| 24:00 | Create | Villager (Male) |
| 24:01 | Create | Villager (Male) |
| 24:28 | Build | House |
| 24:29 | Build | House |
| 24:31 | Build | House |
| 24:32 | Build | House |
| 24:35 | Build | Farm |
| 24:37 | Build | Farm |
| 24:37 | Create | Villager (Male) |
| 24:38 | Create | Villager (Male) |
| 24:38 | Create | Villager (Male) |
| 24:39 | Create | Villager (Male) |
| 24:48 | Build | Stone Wall |
| 24:51 | Build | Gate |
| 25:14 | Build | Farm |
| 25:17 | Build | Farm |
| 25:22 | Build | Farm |
| 25:45 | Research | Bloodlines |
| 25:49 | Research | Husbandry |
| 26:26 | Build | Farm |
| 26:26 | Build | Farm |
| 26:26 | Build | Farm |
| 27:04 | Build | Castle |
| 27:06 | Create | Villager (Male) |
| 27:07 | Create | Villager (Male) |
| 27:09 | Create | Villager (Male) |
| 27:09 | Create | Villager (Male) |
| 27:09 | Create | Villager (Male) |
| 27:19 | Research | Pikeman (upgrade) |
| 27:19 | Create | Spearman |
| 27:20 | Create | Spearman |
| 27:20 | Create | Spearman |
| 27:31 | Build | Archery Range |
| 27:38 | Create | Villager (Male) |
| 27:38 | Create | Villager (Male) |
Match timeline
| 7:09 | ElperfectO · first_building Barracks |
| 8:36 | MKDA10 · first_building Barracks |
| 9:07 | Panzerfaust · wall_segment Palisade Wall x1 |
| 9:19 | MKDA10 · wall_segment Palisade Wall x15 |
| 9:19 | Panzerfaust · wall_segment Palisade Wall x6 |
| 9:50 | FROTA · age_up feudal |
| 10:19 | Panzerfaust · wall_segment Palisade Wall x10 |
| 10:21 | ElperfectO · wall_segment Palisade Wall x5 |
| 10:22 | ElperfectO · wall_segment Palisade Wall x1 |
| 10:24 | ElperfectO · wall_segment Palisade Wall x10 |
| 10:30 | MKDA10 · age_up feudal |
| 10:35 | Panzerfaust · wall_segment Palisade Wall x4 |
| 10:43 | MKDA10 · first_building Stable |
| 10:49 | MKDA10 · wall_segment Palisade Wall x1 |
| 10:54 | Panzerfaust · age_up feudal |
| 11:02 | ElperfectO · wall_segment Palisade Wall x8 |
| 11:15 | ElperfectO · age_up feudal |
| 11:43 | FROTA · wall_segment Palisade Wall x10 |
| 11:48 | FROTA · wall_segment Palisade Wall x12 |
| 11:52 | FROTA · wall_segment Palisade Wall x7 |
| 12:01 | FROTA · wall_segment Palisade Wall x13 |
| 12:05 | FROTA · wall_segment Palisade Wall x6 |
| 12:10 | FROTA · wall_segment Palisade Wall x11 |
| 12:16 | FROTA · wall_segment Palisade Wall x3 |
| 12:18 | FROTA · wall_segment Palisade Wall x4 |
| 12:48 | ElperfectO · wall_segment Palisade Wall x4 |
| 12:59 | ElperfectO · first_building Archery Range |
| 13:02 | FROTA · first_building Barracks |
| 14:38 | FROTA · first_building Stable |
| 14:54 | Panzerfaust · first_building Barracks |
| 15:02 | Panzerfaust · wall_segment Palisade Wall x4 |
| 17:05 | Panzerfaust · first_building Stable |
| 17:06 | MKDA10 · wall_segment Palisade Wall x9 |
| 20:38 | Panzerfaust · first_market_buy 100 food |
| 20:57 | ElperfectO · first_building Stable |
| 21:36 | Panzerfaust · age_up castle |
| 21:46 | Panzerfaust · first_market_sell 100 stone |
| 22:19 | MKDA10 · wall_segment Palisade Wall x1 |
| 22:26 | ElperfectO · age_up castle |
| 22:28 | MKDA10 · first_building Archery Range |
| 23:23 | MKDA10 · wall_segment Palisade Wall x1 |
| 24:48 | Panzerfaust · wall_segment Stone Wall x5 |
| 26:18 | MKDA10 · age_up castle |
| 26:45 | FROTA · first_building Archery Range |
| 27:04 | Panzerfaust · first_building Castle |
| 27:25 | FROTA · wall_segment Palisade Wall x4 |
| 27:31 | Panzerfaust · first_building Archery Range |
| 27:50 | ElperfectO · first_building Siege Workshop |
| 28:29 | FROTA · age_up castle |
| 32:36 | FROTA · resign |
[ AI ANALYSIS · 1 CREDIT ]
What really happened in this match?
Wolo.gg analyzes every decision: build order, eco, micro, common mistakes by bracket. Personalized analysis on WhatsApp or Discord in 30 seconds.
Civ guide
Ethiopians
Map guide
Arabia
Perfil
Jugador #1038933